 Dungeon Crawl Stone Soup version 0.29.0-4-gdea44cf6ec (webtiles) character file.

Game seed: 14238350878849131669

42 qw the Caller (level 3, -4/29 HPs)
             Began as a Ghoul Summoner on Sept 9, 2022.
             Killed from afar by Sigmund (7 damage)
             ... with a puff of flame
             ... on level 2 of the Dungeon.
             The game lasted 00:00:46 (1746 turns).

qw the Caller (Ghoul Summoner)                      Turns: 1746, Time: 00:00:47

Health: -4/29      AC:  8    Str: 13    XL:     3   Next: 54%
Magic:  4/4        EV:  5    Int: 10    God:
Gold:   132        SH:  0    Dex:  9    Spells: 4/5 levels left

rFire   . . .      SeeInvis .   Y - +0 whip
rCold   + . .      Faith    .   (no shield)
rNeg    + + +      Spirit   .   e - +0 chain mail
rPois   inf        Reflect  .   (no helmet)
rElec   .          Harm     .   (no cloak)
rCorr   .          Rampage  .   (no gloves)
Will    .....                   (no boots)
Stlth   ..........              (no amulet)
HPRegen 0.00/turn               (no ring)
MPRegen 0.09/turn               (no ring)

@: inhibited regen
A: claws 1, cold resistance 1, negative energy resistance 3, inhibited
regeneration, torment resistance 2, devour on kill
a: no special abilities


You were on level 2 of the Dungeon.
You visited 1 branch of the dungeon, and saw 2 of its levels.

You collected 132 gold pieces.


Innate Abilities, Weirdness & Mutations

You are immune to poison.
You have sharp fingernails.
Your flesh is cold resistant. (rC+)
You are immune to negative energy. (rN+++)
You do not regenerate when monsters are visible.
You are immune to unholy pain and torment.
You thrive by killing the living.


   Skills:
 + Level 1.8 Fighting
 - Level 2.1 Axes
 - Level 1.7 Dodging
 - Level 2.1 Stealth
 - Level 1.7 Spellcasting
 - Level 3.6 Summonings


You had 4 spell levels left.
You knew the following spells:

 Your Spells              Type           Power      Damage    Failure   Level
a - Summon Small Mammal   Summ           32%        N/A       95%         1

Your spell library contained the following spells:

 Spells                   Type           Power      Damage    Failure   Level
 Call Imp                 Summ           8%         N/A       99%         2
 Call Canine Familiar     Summ           8%         N/A       100%        3
 Summon Guardian Golem    Hex/Summ       4%         N/A       100%        3
 Summon Lightning Spire   Summ/Air       4%         N/A       100%        4

Inventory:

Hand Weapons
 Y - a +0 whip (weapon)
Armour
 e - a +0 chain mail (worn)
Jewellery
 d - a +6 ring of strength
Scrolls
 c - a scroll of amnesia {unknown}
 l - a scroll of identify
Potions
 a - a potion of attraction {unknown}
 b - a potion of curing {unknown}
 i - a potion of haste
 j - a potion of degeneration {unknown}

Dungeon Overview and Level Annotations

Branches:
Dungeon (2/15)

Altars:

Annotations:
D:2 Sigmund


Message History

You hit the quokka.
The quokka is almost dead.
The quokka closely misses you.
You miss the quokka.
The quokka is almost dead.
The quokka bites you but does no damage.
Something hits you! The quokka bites you.
You closely miss the quokka.
The quokka is almost dead.
The quokka bites you but does no damage.
Something hits you.
You barely miss the quokka.
The quokka is almost dead.
The quokka bites you but does no damage.
You completely miss the quokka.
The quokka is almost dead.
Something hits you.
The quokka bites you but does no damage.
You barely miss the quokka.
The quokka is almost dead.
The quokka closely misses you. Something hits you!
The worm bites you but does no damage.
The quokka bites you but does no damage.
You barely miss the quokka.
The quokka is severely wounded.
The quokka bites you but does no damage.
Something hits you but does no damage.
You hit the quokka.
You kill the quokka!
You feel better. The worm bites you but does no damage.
You hit the worm.
The worm is moderately wounded.
Something hits you. The worm bites you but does no damage.
You hit the worm.
The worm is heavily wounded.
You hear some strange, mumbled words.
A puff of flame appears from out of thin air!
The puff of flame hits you!
You die...

#...# # ####.#### ....##
#.#....... .....#
###.#......## ##.#.#
...........
##.#.######.#.!>...## #
##..................#.#
####..###.#.#...{.....##
##.............w%%......
##.#..###.#.....@.....##
##%#..# #.###..#.######
......###.###.........
.......#...###.#.#####
........###.##.#.#
..:.....# #....#.#
....#.#.# #.####.#
##..#.##...## #.#
...........


You could see a worm.

Vanquished Creatures
  An adder (D:2)
  An endoplasm (D:2)
  A goblin (D:2)
  3 hobgoblins
  2 quokkas (D:2)
  4 ball pythons
  3 bats
  2 frilled lizards
  3 kobolds (D:1)
  A rat (D:2)
21 creatures vanquished.

Vanquished Creatures (collateral kills)
  A bat (D:1)
  An endoplasm (D:1)
  3 goblins (D:1)
  3 hobgoblins (D:1)
  A ball python (D:1)
  A rat (D:1)
10 creatures vanquished.

Grand Total: 31 creatures vanquished

Notes
Turn   | Place    | Note
-------+----------+-------------------------------------------
     0 | D:1      | qw the Ghoul Summoner began the quest for the Orb.
     0 | D:1      | Reached XP level 1. HP: 14/14 MP: 2/2
     0 | D:1      | 0 ||| qw: Version: 0.1-a-113-g051387a
     0 | D:1      | 0 ||| qw: Game counter: 7151
     0 | D:1      | 0 ||| qw: Always use a shield: true
     0 | D:1      | 0 ||| qw: God list: Okawaru
     0 | D:1      | 0 ||| qw: Allow faded altars: false
     0 | D:1      | 0 ||| qw: Do Orc after D:15 true
     0 | D:1      | 0 ||| qw: Do second Lair branch before Depths: true
     0 | D:1      | 0 ||| qw: Lair rune preference: random
     0 | D:1      | 0 ||| qw: Plans: Normal
     0 | D:1      | 0 ||| PLANNING D:1-11
    32 | D:1      | 32 ||| CASTING Summon Small Mammal
    33 | D:1      | 33 ||| CASTING Summon Small Mammal
    85 | D:1      | 85 ||| Wielding weapon +0 club.
   134 | D:1      | 134 ||| CASTING Summon Small Mammal
   135 | D:1      | 135 ||| CASTING Summon Small Mammal
   146 | D:1      | 146 ||| CASTING Summon Small Mammal
   158 | D:1      | 158 ||| CASTING Summon Small Mammal
   163 | D:1      | Reached skill level 1 in Axes
   197 | D:1      | 197 ||| CASTING Summon Small Mammal
   198 | D:1      | 198 ||| CASTING Summon Small Mammal
   278 | D:1      | 278 ||| CASTING Summon Small Mammal
   279 | D:1      | 279 ||| CASTING Summon Small Mammal
   290 | D:1      | Reached XP level 2. HP: 21/22 MP: 1/3
   323 | D:1      | 323 ||| CASTING Summon Small Mammal
   324 | D:1      | 324 ||| CASTING Summon Small Mammal
   325 | D:1      | 325 ||| CASTING Summon Small Mammal
   336 | D:1      | 336 ||| CASTING Summon Small Mammal
   404 | D:1      | 404 ||| CASTING Summon Small Mammal
   405 | D:1      | 405 ||| CASTING Summon Small Mammal
   406 | D:1      | 406 ||| CASTING Summon Small Mammal
   415 | D:1      | Reached skill level 1 in Fighting
   477 | D:1      | 477 ||| CASTING Summon Small Mammal
   478 | D:1      | 478 ||| CASTING Summon Small Mammal
   479 | D:1      | 479 ||| CASTING Summon Small Mammal
   534 | D:1      | 534 ||| CASTING Summon Small Mammal
   535 | D:1      | 535 ||| CASTING Summon Small Mammal
   536 | D:1      | 536 ||| Stepping ~*~*~tactically~*~*~ (stealth).
   538 | D:1      | 538 ||| CASTING Summon Small Mammal
   681 | D:1      | 681 ||| CASTING Summon Small Mammal
   682 | D:1      | 682 ||| CASTING Summon Small Mammal
   683 | D:1      | 683 ||| CASTING Summon Small Mammal
   763 | D:1      | 763 ||| CASTING Summon Small Mammal
   764 | D:1      | 764 ||| CASTING Summon Small Mammal
   765 | D:1      | 765 ||| CASTING Summon Small Mammal
   776 | D:1      | 776 ||| CASTING Summon Small Mammal
   914 | D:1      | 914 ||| CASTING Summon Small Mammal
   915 | D:1      | 915 ||| CASTING Summon Small Mammal
   916 | D:1      | 916 ||| CASTING Summon Small Mammal
   926 | D:1      | 926 ||| CASTING Summon Small Mammal
   975 | D:1      | 975 ||| SWAPPING to +0 whip.
   976 | D:1      | 976 ||| DROPPING +0 club.
  1021 | D:1      | 1021 ||| CASTING Summon Small Mammal
  1022 | D:1      | 1022 ||| CASTING Summon Small Mammal
  1023 | D:1      | 1023 ||| CASTING Summon Small Mammal
  1034 | D:1      | 1034 ||| CASTING Summon Small Mammal
  1080 | D:1      | 1080 ||| CASTING Summon Small Mammal
  1081 | D:1      | 1081 ||| CASTING Summon Small Mammal
  1082 | D:1      | 1082 ||| CASTING Summon Small Mammal
  1313 | D:1      | 1313 ||| UPGRADING to +0 ring mail.
  1323 | D:1      | 1323 ||| DROPPING +0 robe.
  1324 | D:1      | 1324 ||| UPGRADING to +0 chain mail.
  1334 | D:1      | 1334 ||| DROPPING +0 ring mail.
  1335 | D:1      | 1335 ||| READING 3 scrolls labelled NUUTOE QOXU.
  1336 | D:1      | 1336 ||| READING scroll labelled FUMAGE KOTE.
  1340 | D:1      | 1340 ||| DRINKING 3 fuming coppery potions.
  1341 | D:1      | 1341 ||| DRINKING 2 sedimented emerald potions.
  1342 | D:1      | 1342 ||| READING 2 scrolls of identify.
  1342 | D:1      | 1342 ||| IDENTIFYING puce potion
  1343 | D:1      | 1343 ||| DROPPING potion of magic.
  1344 | D:1      | 1344 ||| DROPPING 2 potions of brilliance.
  1374 | D:2      | Reached XP level 3. HP: 26/28 MP: 4/4
  1687 | D:2      | 1687 ||| Stepping ~*~*~tactically~*~*~ (stealth).
  1720 | D:2      | Noticed Sigmund
  1732 | D:2      | HP: 6/29 [something (2)]
  1733 | D:2      | 1733 ||| DRINKING potion of heal wounds.
  1742 | D:2      | HP: 2/29 [something (9)]
  1746 | D:2      | Killed from afar by Sigmund

Levels and vault maps discovered:
D:1:      eino_arrival_druids_welcome, layout_loops_ring, minmay_small_reverse_x
D:2:      layout_loops_ring, serial_shops, nicolae_square_shop, uniq_sigmund

Skill      XL: |  1  2 |
---------------+-------+-----
Axes           | 1 2 |  2.1
Fighting       | 1 |  1.8
Dodging        | |  1.7
Stealth        | |  2.1
Spellcasting   | |  1.7
Summonings     | |  3.6

Action                   || total
-------------------------++-------
Melee: Club              ||    33
       Unarmed           ||     2
       Punch             ||     2
       Whip              ||    63
 Cast: Summon Small Mamm ||    36
  Use: Scroll            ||     3
       Potion            ||     3
Armor: Chain mail        ||    50
       Robe              ||     5
Dodge: Dodged            ||    35

Table legend:
 A = Non-vault XP
 B = Vault XP
 C = Vault XP percentage of total XP
 D = Non-vault monster count
 E = Vault monster count
 F = Vault count percentage of total count
                 A         B        C        D         E       F
            +---------+---------+-------+---------+---------+-------
      Total |      55 |       5 |   8.3 |      27 |       4 |  12.9
            +---------+---------+-------+---------+---------+-------
        D:1 |      24 |       5 |  17.2 |      15 |       4 |  21.1
        D:2 |      31 |       0 |   0.0 |      12 |       0 |   0.0
            +---------+---------+-------+---------+---------+-------
